AoeStats
← E-d-d-i-e91G

QS Arena

503764335Analyzed
2v2 RM · 1mo ago on Sep 2, 2026· 47m 12s· 4 players
Game mode
Random Map
Map size
Medium (4 player)
Population
200
Speed
Normal
Resources
Standard
Victory
Conquest
Starting age
Dark Age
Ending age
Imperial Age
RankedLock teamsTeams togetherTeam positionsShared explorationLock speedFull tech treeHidden civsTurbo modeCheats
Victory
Defeat
🇨🇷 Bohemians · Costa Rica
642
+12
🇨🇴 Armenians · Colombia
640
+12
🇦🇺 Tupi · Australia
563
-20
🇦🇺 Goths · Australia
548
-18
E-d-d-i-e91G
5:17 Loom
9:07 Feudal Age
12:20 Champi Runner
13:26 Double-Bit Axe
13:22 Horse Collar
13:35 Gold Mining
16:54 Wheelbarrow
16:06 Town Watch
19:51 Stone Mining
24:33 Padded Archer Armor
24:25 Fletching
29:22 Castle Age
30:17 Bow Saw
30:09 Heavy Plow
30:45 Gold Shaft Mining
33:01 Bodkin Arrow
37:13 Hand Cart
IAMASTROMAN9714
9:32 Feudal Age
9:58 Double-Bit Axe
10:05 Gold Mining
10:52 Horse Collar
12:56 Wheelbarrow
16:08 Bloodlines
20:12 Castle Age
22:34 Forging
22:26 Scale Mail Armor
22:39 Crossbowman
26:14 Man-at-Arms
33:21 Husbandry
36:45 Scale Barding Armor
36:57 Chain Mail Armor
dawo420
0:41 Loom
10:07 Feudal Age
16:30 Castle Age
14:23 Man-at-Arms
14:50 Arson
15:18 Double-Bit Axe
15:24 Gold Mining
15:28 Horse Collar
17:09 Long Swordsman
18:52 Gambesons
22:51 Wheelbarrow
22:02 Town Watch
23:06 Two-Handed Swordsman
23:47 Squires
24:11 Fervor
24:37 Murder Holes
29:32 Elite Skirmisher
33:52 Imperial Age
35:01 Conscription
34:55 Padded Archer Armor
34:45 Fletching
34:38 Capped Ram
44:16 Spies/Treason
46:39 Atonement
46:50 Redemption
47:07 Block Printing
47:24 Illumination
47:03 Devotion
47:27 Sanctity
46:39 Champion
47:44 Leather Archer Armor
47:24 Bodkin Arrow
47:40 Forging
47:31 Scale Mail Armor
NUGSco
11:36 Feudal Age
16:47 Castle Age
27:37 Imperial Age
29:59 Chemistry
33:51 Double-Bit Axe
34:04 Horse Collar
41:45 Houfnice
Connection lost

Rejoining the realm…

Still unreachable

The connection could not be restored.

Session expired

The server has moved on; the page needs a fresh start.